 Dungeon Crawl Stone Soup version 0.24.0-41-g2ae2f7f1be (webtiles) character file.

Game seed: 15821102343645616282, levelgen mode: deterministic

33233 DildoBatman the Fighter (level 14, 0/177 (181) HPs)
             Began as a Formicid Wizard on Dec 10, 2019.
             Was an Initiate of Gozag.
             Slain by an ogre skeleton (7 damage)
             ... animated by the malice of Kikubaaqudgha
             ... on level 2 of the Orcish Mines.
             The game lasted 01:16:59 (18198 turns).

DildoBatman the Fighter (Formicid Wizard)          Turns: 18198, Time: 01:17:00

HP:   0/177 (181)   AC: 34    Str: 18    XL:     14   Next: 6%
MP:   23/23         EV:  2    Int: 24    God:    Gozag
Gold: 234           SH: 11    Dex: 14    Spells: 3/25 levels left

rFire    + . .     SeeInvis .   Q - +3 quarterstaff (protect)
rCold    + . .     Gourm    .   F - +0 shield
rNeg     + + +     Faith    .   (armour currently unavailable)
rPois    +         Spirit   .   (helmet unavailable)
rElec    +         Reflect  .   (cloak currently unavailable)
rCorr    +         Harm     .   (gloves currently unavailable)
MR       +....                  (boots currently unavailable)
Stlth    +++.......             (no amulet)
HPRegen  0.00/turn              d - +2 ring of strength
MPRegen  0.18/turn              B - ring of wizardry

@: mighty, agile, lethally poisoned (0 -> -71), tree-form, resistant, protection
aura, non-regenerating, diseased
A: permanent stasis, dig shafts and tunnels, four strong arms, robust 1
a: Potion Petition, Call Merchant, Bribe Branch, Renounce Religion


You were on level 2 of the Orcish Mines.
You worshipped Gozag.
Gozag was aware of your devotion.
You were not hungry.
You were a tree.
You visited 3 branches of the dungeon, and saw 14 of its levels.

You collected 1711 gold pieces.
You spent 1022 gold pieces at shops.
You paid 455 gold pieces to Gozag.

Inventory:

Hand Weapons
 a - a +4 dagger of venom
 b - a +0 shortbow of freezing
 Q - a +3 quarterstaff of protection (weapon)
 X - a +2 spear
Missiles
 s - 79 arrows
 z - 65 bolts
 G - 3 throwing nets (quivered)
 H - 99 sling bullets
Armour
 o - a +0 troll leather armour (melded)
 F - a +0 shield (worn)
 J - a +0 pair of boots (melded)
 P - a +0 cloak (melded)
Jewellery
 d - a +2 ring of strength (left branch)
 B - a ring of wizardry (right branch)
 I - an uncursed ring of protection from fire
 O - an uncursed ring of ice
Wands
 c - a wand of flame (19)
 A - a wand of acid (5)
 R - a wand of disintegration (13)
Scrolls
 f - 2 scrolls of amnesia
 i - 2 scrolls of fog
 m - 4 scrolls of enchant weapon
 x - 4 scrolls of remove curse
 C - a scroll of fear
 E - a scroll of enchant armour {unknown}
 K - 3 scrolls of brand weapon
 M - a scroll of silence {unknown}
 T - a scroll of immolation
 Y - a scroll of magic mapping {unknown}
Potions
 e - a potion of flight {unknown}
 h - a potion of agility {unknown}
 k - a potion of might
 q - 2 potions of cancellation {unknown}
 r - a potion of magic {unknown}
 t - a potion of ambrosia {unknown}
 u - a potion of haste {unknown}
 N - 2 potions of lignification
 S - a potion of brilliance {unknown}
 W - 2 potions of mutation
Miscellaneous
 g - a sack of spiders
 j - a lamp of fire
Comestibles
 v - 18 rations


   Skills:
 - Level 10.0 Fighting
 - Level 10.0 Armour
 - Level 8.0 Dodging
 - Level 2.4 Stealth
 - Level 9.1 Shields
 - Level 6.3 Spellcasting
 - Level 6.0 Conjurations
   Level 1.0 Summonings
 - Level 9.2 Necromancy
   Level 0.8 Translocations
 - Level 5.0 Fire Magic
 - Level 5.1 Air Magic
 * Level 5.7 Earth Magic


You had 3 spell levels left.
You knew the following spells:

 Your Spells              Type           Power        Failure   Level  Hunger
a - Conjure Flame         Conj/Fire      ####....     1%          3    None
b - Borgnjor's Vile Clut  Necr/Erth      #####.....   4%          5    #####..
c - Magic Dart            Conj           ####         1%          1    None
d - Vampiric Draining     Necr           ######....   1%          3    None
e - Mephitic Cloud        Conj/Pois/Air  ####....     1%          3    None
h - Dispel Undead         Necr           ######..     1%          5    #####..
z - Sublimation of Blood  Necr           ######....   1%          2    None

Your spell library contained the following spells:

 Spells                   Type           Power        Failure   Level  Hunger
 Animate Skeleton         Necr           N/A          1%          1    None
 Pain                     Necr           ####         1%          1    None
 Call Imp                 Summ           ##......     3%          2    None
 Slow                     Hex            #.......     4%          2    None
 Recall                   Summ/Tloc      N/A          6%          3    None
 Animate Dead             Necr           N/A          1%          4    ###....
 Agony                    Necr           ######..     1%          5    #####..
 Death Channel            Necr           ######....   11%         6    ######.
 Excruciating Wounds      Chrm/Necr      ####......   13%         5    #####..
 Simulacrum               Ice/Necr       ####......   54%         6    ######.
 Haunt                    Necr/Summ      ####......   95%         7    #######
 Borgnjor's Revivificati  Necr           ######....   98%         8    #######
 Infestation              Necr           ######....   98%         8    #######
 Death's Door             Chrm/Necr      ####......   100%        8    #######
 Necromutation            Tmut/Necr      ####......   100%        8    #######
 Blink                    Tloc           Unusable     N/A         2    N/A

Dungeon Overview and Level Annotations

Branches:
Dungeon (11/15)            Temple (1/1) D:7            Lair (0/6) D:10
    Orc (2/2) D:10            Elf (0/3) Orc:2

Altars:
Ashenzari
Cheibriados
Dithmenos
Elyvilon
Fedhas
Gozag
Hepliaklqana
Kikubaaqudgha
Makhleb
Nemelex Xobeh
Okawaru
Qazlal
Ru
Sif Muna
Trog
Uskayaw
Vehumet
Wu Jian
Xom
Yredelemnul
Zin
The Shining One
Beogh

Shops:
D:11 !   Orc:2 %}?:

Annotations:
D:3 3 runed translucent doors, Ijyb; Shaithis's ghost, amateur HuBe
D:4 exclusion: orc warrior
D:5 1 exclusion
D:8 exclusion: statue
D:9 1 runed translucent door
D:10 1 runed translucent door


Innate Abilities, Weirdness & Mutations

You cannot be hasted, slowed, berserked, paralysed or teleported.
You can dig through walls and to a lower floor.
Your four strong arms can wield two-handed weapons with a shield.
((You have a pair of large antennae on your head. (SInv)))
((You have a beak for a mouth.))
You are robust. (+10% HP)


Message History

The orc warrior skeleton hits you but does no damage.
You block the ogre skeleton's attack.
The orc wizard skeleton hits you but does no damage.
You feel very mighty all of a sudden.
You are engulfed in dark miasma.
You are lethally poisoned!
You feel your flesh rotting away!
You feel very sick.
You block the orc warrior skeleton's attack.
You thump the ogre skeleton!
The ogre skeleton is almost destroyed.
You are engulfed in dark miasma.
You are more poisoned.
You feel extremely sick. The ogre skeleton hits you.
You block the orc warrior skeleton's attack.
The orc warrior skeleton hits you but does no damage.
The ogre skeleton hits you!
You die...
Your body crumbles into a pile of gold.

##.....## #........
##...).#####.......
#######....).####.....#
##...####..).....##8)8##
##.....####........#...#.
##.......####.............
#........Z.###............
#....∩..ZZZ..###.....8.8..
#.......Z♣Z....###........
##......Z##..)...##..).)[.
##.....####......)....[).
##...## ###.......8.8..
##### #####...)[... ###
###########'### ##.##
#....#...##)##. #...#
##### ####'##.#...##)##.
....###...#
###.#.=)#.##'###)###


You could see 3 orc warrior skeletons, an orc wizard skeleton and 3 ogre
skeletons.

Vanquished Creatures
  2 orc warlords (Orc:2)
  Harold (D:11)
  6 two-headed ogres
  5 orc high priests (Orc:2)
  Sonja (D:10)
  2 unseen horrors
  4 orc knights
  6 orc sorcerers (Orc:2)
  An ugly thing (D:11)
  3 cyclopes
  Joseph (D:10)
  Maurice (D:10)
  A centaur zombie (D:11)
  A gargoyle (D:11)
  A centaur skeleton (D:11)
  8 trolls
  A hippogriff (D:10)
  A wraith (D:11)
  10 yaks
  A wyvern (D:10)
  A hungry ghost (D:11)
  7 wargs
  An acid dragon (D:11)
  34 orc warriors
  3 sky beasts (D:7)
  2 ice beasts
  A black bear (D:9)
  An eye of draining (D:11)
  A necrophage (D:8)
  4 phantoms
  22 ogres
  5 centaurs
  2 big kobolds
  8 bullfrogs
  2 wyvern zombies
  6 scorpions
  A wyvern skeleton (D:7)
  A water moccasin skeleton (D:7)
  10 killer bees
  8 wights
  3 howler monkeys
  8 electric eels (D:10)
  4 crimson imps
  A bullfrog zombie (D:9)
  4 jellies
  2 quasits
  5 hounds
  34 orc priests
  18 orc wizards
  5 iguanas
  8 worker ants
  A hound zombie (D:11)
  A howler monkey zombie (D:7)
  A howler monkey skeleton (D:9)
  8 adders
  An orc skeleton (Orc:2)
  2 shadow imps
  An adder zombie (D:9)
  An adder skeleton (D:7)
  4 worms
  2 dart slugs (D:3)
  5 leopard geckos
  100 orcs
  8 bats
  7 giant cockroaches
  2 gnoll zombies (D:9)
  7 goblins
  4 hobgoblins
  3 jackals (D:9)
  5 quokkas
  A ball python (D:4)
  7 frilled lizards
  A jackal zombie (D:7)
  18 kobolds
  10 rats
469 creatures vanquished.

Vanquished Creatures (collateral kills)
  A killer bee (D:10)
1 creature vanquished.

Vanquished Creatures (others)
  2 electric eels (D:10)
  An orc (D:7)
3 creatures vanquished.

Grand Total: 473 creatures vanquished

Notes
Turn   | Place    | Note
-------+----------+-------------------------------------------
     0 | D:1      | DildoBatman the Formicid Wizard began the quest for the
                  | Orb.
     0 | D:1      | Reached XP level 1. HP: 13/13 MP: 4/4
     6 | D:1      | Reached skill level 1 in Conjurations
   237 | D:1      | Reached XP level 2. HP: 16/19 MP: 4/6
   744 | D:1      | Reached XP level 3. HP: 24/24 MP: 2/7
   805 | D:1      | Learned a level 3 spell: Conjure Flame
   809 | D:1      | Learned a level 3 spell: Mephitic Cloud
  1503 | D:2      | Reached XP level 4. HP: 30/30 MP: 2/8
  2125 | D:3      | Found an ornate altar of the Wu Jian Council.
  2167 | D:3      | Found a faded altar of an unknown god.
  2244 | D:3      | Reached XP level 5. HP: 35/35 MP: 6/9
  2727 | D:3      | Found a runed translucent gate.
  2729 | D:3      | Found a runed translucent gate.
  2729 | D:3      | Found a runed translucent gate.
  2730 | D:3      | Found a roughly hewn altar of Beogh.
  2730 | D:3      | Noticed Shaithis's ghost (amateur HuBe)
  3428 | D:4      | Noticed Ijyb
  3479 | D:4      | Noticed an ogre
  3517 | D:4      | Killed an ogre
  3517 | D:4      | Reached skill level 5 in Conjurations
  3517 | D:4      | Reached XP level 6. HP: 41/41 MP: 3/10
  3689 | D:4      | Found a snail-covered altar of Cheibriados.
  3841 | D:5      | Entered Level 5 of the Dungeon
  4252 | D:5      | Reached skill level 1 in Fire Magic
  4400 | D:5      | Reached skill level 1 in Air Magic
  4509 | D:5      | Reached XP level 7. HP: 38/46 MP: 7/11
  4981 | D:5      | Reached XP level 8. HP: 36/52 MP: 3/12
  5529 | D:6      | Found a blossoming altar of Fedhas.
  5874 | D:6      | Reached skill level 5 in Fire Magic
  6458 | D:7      | Reached XP level 9. HP: 57/57 MP: 6/13
  6500 | D:7      | Reached skill level 5 in Air Magic
  7004 | D:7      | Reached skill level 5 in Spellcasting
  7180 | D:7      | Found a staircase to the Ecumenical Temple.
  7189 | Temple   | Entered the Ecumenical Temple
  7328 | Temple   | Became a worshipper of Kikubaaqudgha
  7491 | D:7      | Reached skill level 1 in Shields
  7531 | D:7      | Found a shimmering blue altar of Sif Muna.
  7945 | D:7      | Noticed a troll
  7955 | D:7      | Noticed a cyan ugly thing
  8029 | D:6      | Reached skill level 5 in Shields
  8352 | D:7      | Reached * piety under Kikubaaqudgha
  8352 | D:7      | Identified Kikubaaqudgha's Papyrus of Necromancy
                  | (Kikubaaqudgha gifted it to you on level 7 of the Dungeon)
  8352 | D:7      | Received a gift from Kikubaaqudgha
  8358 | D:7      | Learned a level 3 spell: Vampiric Draining
  8361 | D:7      | Learned a level 2 spell: Sublimation of Blood
  8603 | D:7      | Noticed a cyclops
  8782 | D:7      | Reached XP level 10. HP: 63/63 MP: 13/18
  9041 | D:7      | Killed a cyclops
  9216 | D:8      | Found a shattered altar of Ashenzari.
  9274 | D:8      | Reached skill level 1 in Fighting
  9274 | D:8      | Reached skill level 1 in Armour
  9578 | D:8      | Found a bloodstained altar of Trog.
  9672 | D:8      | Reached ** piety under Kikubaaqudgha
  9876 | D:8      | Found a radiant altar of Vehumet.
 10006 | D:9      | Found an opulent altar of Gozag.
 10302 | D:9      | Found a white marble altar of Elyvilon.
 10541 | D:9      | Found a basalt altar of Yredelemnul.
 10694 | D:9      | Reached *** piety under Kikubaaqudgha
 10694 | D:9      | Identified Kikubaaqudgha's Compendium of Evil Secrets
                  | (Kikubaaqudgha gifted it to you on level 9 of the Dungeon)
 10694 | D:9      | Received a gift from Kikubaaqudgha
 10694 | D:9      | Reached XP level 11. HP: 78/78 MP: 11/19
 10921 | D:9      | Found a runed translucent door.
 10923 | D:9      | Noticed a flayed ghost
 10997 | D:9      | Reached skill level 5 in Fighting
 10997 | D:9      | Reached skill level 5 in Armour
 10997 | D:9      | Reached skill level 1 in Necromancy
 11032 | D:9      | Found a white marble altar of Elyvilon.
 11129 | D:10     | Entered Level 10 of the Dungeon
 11144 | D:10     | Noticed a two-headed ogre
 11153 | D:10     | Killed a two-headed ogre
 11187 | D:10     | Reached skill level 5 in Necromancy
 11215 | D:10     | Noticed Sonja
 11221 | D:10     | Noticed Joseph
 11337 | D:10     | Found a staircase to the Orcish Mines.
 11411 | D:10     | Killed Joseph
 11471 | D:10     | Killed Sonja
 11621 | D:10     | Found a staircase to the Lair.
 11628 | D:10     | Learned a level 5 spell: Dispel Undead
 11659 | D:10     | Noticed a two-headed ogre
 11664 | D:10     | Killed a two-headed ogre
 11827 | D:10     | Noticed a sixfirhy
 11828 | D:10     | Found a runed translucent door.
 11864 | D:10     | Reached **** piety under Kikubaaqudgha
 12014 | D:10     | Noticed an unseen horror
 12019 | D:10     | Killed an unseen horror
 12710 | D:11     | Noticed Harold
 12726 | D:11     | Noticed Maurice
 12736 | D:11     | Killed Harold
 12736 | D:11     | Reached XP level 12. HP: 86/86 MP: 1/20
 12768 | D:10     | Killed Maurice
 13178 | D:11     | Found Haceohamp's Distillery.
 13292 | D:11     | Noticed a two-headed ogre
 13328 | D:11     | Killed a two-headed ogre
 13536 | D:11     | Bought a potion of mutation for 112 gold pieces
 13536 | D:11     | Gained mutation: You are robust. (+10% HP) [potion of
                  | mutation]
 13536 | D:11     | Gained mutation: You have a beak for a mouth. [potion of
                  | mutation]
 13568 | D:11     | Noticed an unseen horror
 13577 | D:11     | Killed an unseen horror
 13806 | D:11     | Reached skill level 5 in Dodging
 13899 | Orc:1    | Entered Level 1 of the Orcish Mines
 14125 | Orc:1    | Reached ***** piety under Kikubaaqudgha
 14631 | Orc:2    | Entered Level 2 of the Orcish Mines
 14766 | Orc:2    | Noticed a two-headed ogre
 14791 | Orc:2    | Killed a two-headed ogre
 14809 | Orc:2    | Noticed a two-headed ogre
 14831 | Orc:2    | Killed a two-headed ogre
 14831 | Orc:2    | Reached XP level 13. HP: 107/107 MP: 15/21
 15193 | Orc:2    | Noticed an orc warlord
 15234 | Orc:2    | Killed an orc warlord
 15993 | Orc:2    | Found a roughly hewn altar of Beogh.
 16231 | Orc:2    | Noticed an orc warlord
 16255 | Orc:2    | Killed an orc warlord
 16356 | Orc:2    | Reached ****** piety under Kikubaaqudgha
 16414 | D:10     | Received a gift from Kikubaaqudgha
 16415 | D:10     | Fell from the grace of Kikubaaqudgha
 16448 | D:9      | Became a worshipper of Gozag Ym Sagoz the Greedy
 17091 | Orc:2    | Reached skill level 10 in Fighting
 17091 | Orc:2    | Reached skill level 10 in Armour
 17230 | Orc:2    | Found a staircase to the Elven Halls.
 17392 | Orc:2    | Found Fout's Book Boutique.
 17432 | Orc:2    | Found Vavie's Magic Scroll Shop.
 17559 | Orc:2    | Bought a book of Unlife for 910 gold pieces
 17565 | Orc:2    | Learned a level 5 spell: Borgnjor's Vile Clutch
 17627 | Orc:2    | Reached skill level 1 in Earth Magic
 17949 | Orc:2    | Found a roughly hewn altar of Beogh.
 18017 | Orc:2    | Found Weejem's Gadget Shop.
 18026 | Orc:2    | Reached XP level 14. HP: 118/121 MP: 16/23
 18034 | Orc:2    | Reached skill level 5 in Earth Magic
 18097 | Orc:2    | Found Bawn's Food Emporium.
 18198 | Orc:2    | HP: 7/177 [ogre skeleton[the malice of Kikubaaqudgha] (5)]
 18198 | Orc:2    | Slain by an ogre skeleton

Levels and vault maps discovered:
D:1:      dpeg_arrival_prison, layout_loops_ring
D:2:      layout_basic, first_ration
D:3:      cheibrodos_old_hovel, layout_loops_ring, old_standard_altar,
          biasface_ghost_orc_armoury, chequers_ecumenical_altar_island,
          feat_on_display
D:4:      layout_gridville, cheibriados_altar_1, uniq_ijyb
D:5:      layout_cave_pools, chequers_serial_rivers_marsh
D:6:      layout_loops_cross, hangedman_decor_growths, fedhas_altar_4
D:7:      minmay_the_grid_octo_triangle [minmay_the_grid_octo_clover,
          minmay_the_grid_octo_prize_ultimate_mussel_roller,
          minmay_the_grid_octo_thin_diamonds], layout_gridville,
          lemuel_blue_sif_altar, minmay_temple_entry_glass,
          ebering_dispersal_statue_hall, grunt_ogre_cave
D:8:      layout_loops_ring, vehumet_statue, kennysheep_mini_moat,
          ashenzari_conservatory_becter
D:9:      layout_roguey, lemuel_zombie_altar_yredelemnul,
          nicolae_gozag_seed_capital, lemuel_round_altar, basic_altar,
          wad_hexagon
D:10:     cheibrodos_shockbox, layout_basic, lair_entry_dummy,
          minmay_orc_entry_guard_dogs, roderic_serpentine_path, uniq_sonja,
          uniq_joseph
D:11:     layout_roguey, serial_shops, shop, serial_glass, glass_columns_c,
          glass_columns_a, glass_columns_b, glass_columns_a, uniq_harold,
          uniq_maurice
Temple:   dshaligram_water_room_temple
Orc:1:    layout_caves
Orc:2:    pubby_orc_utopia

Skill      XL: |  1  2  3  4  5  6  7  8  9 10 11 12 13 14 |
---------------+-------------------------------------------+-----
Conjurations   | 1 2 3 4 5 6 |  6.0
Fire Magic     | 1 3 5 |  5.0
Air Magic      | 1 2 4 5 |  5.1
Spellcasting   | 5 6 |  6.3
Shields        | 6 9 |  9.1
Dodging        | 3 6 8 |  8.0
Fighting       | 4 5 8 10 | 10.0
Armour         | 4 5 8 10 | 10.0
Necromancy     | 9 |  9.2
Earth Magic    | 4 5 |  5.7
Stealth        | |  2.4
Summonings     | |  1.0
Translocations | |  0.8

Action                   |  1- 3 |  4- 6 |  7- 9 | 10-12 | 13-15 || total
-------------------------+-------+-------+-------+-------+-------++-------
Melee: Unarmed           |    11 |       |       |       |       ||    11
       Club              |     1 |       |       |       |       ||     1
       Trident           |       |    40 |   266 |       |       ||   306
       Falchion          |       |       |    51 |       |       ||    51
       Hunting sling     |       |       |     1 |       |       ||     1
       Quarterstaff      |       |       |       |   270 |    66 ||   336
       Peck              |       |       |       |     5 |    70 ||    75
       Dagger            |       |       |       |       |   331 ||   331
       Spear             |       |       |       |       |    10 ||    10
 Fire: Hunting sling     |    15 |    72 |    89 |       |       ||   176
       Shortbow          |       |       |     5 |   560 |   121 ||   686
Throw: Stone             |     4 |       |       |       |       ||     4
       Dart              |       |       |     6 |       |       ||     6
 Cast: Magic Dart        |    67 |    68 |   181 |   108 |    17 ||   441
       Mephitic Cloud    |       |     8 |    14 |    57 |    72 ||   151
       Conjure Flame     |       |     6 |    32 |    85 |    39 ||   162
       Vampiric Draining |       |       |       |    12 |     9 ||    21
       Sublimation of Bl |       |       |       |     6 |     5 ||    11
Invok: Receive Necronomi |       |       |       |       |     1 ||     1
       Renounce Religion |       |       |       |       |     1 ||     1
       Potion Petition   |       |       |       |       |     1 ||     1
 Abil: Dig               |     1 |    10 |    15 |    34 |    11 ||    71
Evoke: Wand              |       |       |       |       |     7 ||     7
  Use: Potion            |       |     1 |     1 |     1 |     5 ||     8
       Scroll            |       |       |     7 |     6 |     1 ||    14
 Stab: Confused          |       |     2 |     4 |     8 |    23 ||    37
       Sleeping          |       |       |       |     2 |       ||     2
  Eat: Chunk             |     2 |    11 |    14 |    20 |     7 ||    54
       Ration            |       |       |     2 |     1 |     3 ||     6
Armor: Robe              |     6 |    10 |     5 |       |       ||    21
       Leather armour    |       |       |    24 |       |       ||    24
       Troll leather arm |       |       |       |    58 |    38 ||    96
       Skin              |       |       |       |       |     7 ||     7
Dodge: Dodged            |    21 |    27 |   126 |   165 |   159 ||   498
Block: Shield            |       |       |    10 |   169 |   182 ||   361
       Rpst.: Falchion   |       |       |     8 |       |       ||     8
